 Dungeon Crawl Stone Soup version 0.31-a0-626-g8143ab4f1d (webtiles) character file.

Game seed: 17626154887224985134

2129 Ofeo the Sneak (level 9, -1/40 (45) HPs)
             Began as a Kobold Earth Elementalist on Aug 24, 2023.
             Was an Initiate of Ashenzari.
             Slain by a wight
             ... wielding a +5 scimitar of freezing
              (2 damage)
             ... on level 7 of the Dungeon.
             The game lasted 00:09:24 (9525 turns).

Ofeo the Sneak (Kobold Earth Elementalist)          Turns: 9525, Time: 00:09:24

HP:   -1/40 (45)    AC:  7    Str:  5    XL:     9   Next: 55%
MP:   16/16         EV: 18    Int: 16    God:    Ashenzari [......]
Gold: 318           SH:  0    Dex: 20    Spells: 12/18 levels left

rFire   . . .        e - +4 lajatang (venom)
rCold   . . .        (shield currently unavailable)
rNeg    . . .        a - +0 robe
rPois   .            g - +1 hat
rElec   .            c - +2 cloak {Stlth+}
rCorr   .            r - +0 pair of gloves "Prophetic Idealism" {Bglg, Alch} (curse)
SInv    .            (no boots)
Will    .....        (no amulet)
Stlth   ++++++       o - ring of flight
HPRegen 0.26/turn    (no ring)
MPRegen 0.15/turn

%: no passive effects
@: flying, heavily drained
A: small, no large weapons, nightstalker 3
a: Renounce Religion, Shatter the Chains


You were on level 7 of the Dungeon.
You worshipped Ashenzari.
Ashenzari was noncommittal.
You visited 2 branches of the dungeon, and saw 8 of its levels.
You also visited: Sewer.

You collected 318 gold pieces.

Inventory:

Hand Weapons
 d - a +1 short sword
 e - a +4 lajatang of venom (weapon)
Missiles
 h - 2 throwing nets
Armour
 a - a +0 robe (worn)
 c - a +2 cloak of stealth (worn)
 g - a +1 hat (worn)
 r - the cursed +0 pair of gloves "Prophetic Idealism" (worn) {Bglg, Alch}
   (You found it on level 4 of the Dungeon)

   It has a curse which improves the following skills: Beguiling: Conjurations,
   Hexes and Translocations.
   Alchemy:   Poison Magic and Transmutations.
Jewellery
 o - a ring of flight (left hand)
 s - a +5 ring of evasion
 u - a +6 ring of strength
 z - a ring of magical power
Wands
 k - a wand of digging (6) {@v1}
 t - a wand of iceblast (4) {@v4}
 y - a wand of charming (6)
Scrolls
 i - 2 scrolls of enchant weapon
 l - a scroll of summoning
 m - 3 scrolls of teleportation {@r3}
 q - a scroll of fear
 w - a scroll of silence {unknown}
 x - 2 scrolls of torment {unknown}
Potions
 b - a potion of magic
 f - 4 potions of curing {unknown}
 j - 2 potions of cancellation {unknown}
 n - 2 potions of mutation {unknown}
 p - a potion of enlightenment {unknown}
 v - a potion of berserk rage {unknown}


   Skills:
 - Level 2.2 Short Blades
 + Level 6.2 Dodging
 + Level 7.4 Stealth
 + Level 5.2 Spellcasting
 - Level 4.6(5.0) Conjurations
 + Level 4.6(5.0) Transmutations
 + Level 5.6 Earth Magic


You had 12 spell levels left.
You knew the following spells:

 Your Spells              Type           Power      Damage    Failure   Level
a - Sandblast             Erth           44%        2d11      1%          1
b - Passwall              Tmut/Erth      17%        N/A       2%          2
c - Stone Arrow           Conj/Erth      42%        3d9       4%          3

Your spell library contained the following spells:

 Spells                   Type           Power      Damage    Failure   Level
 Static Discharge         Conj/Air       24%        2-3/arc   8%          2
 Petrify                  Tmut/Erth      21%        N/A       17%         4
 Call Canine Familiar     Summ           4%         N/A       41%         3
 Portal Projectile        Hex/Tloc       8%         N/A       41%         3
 Leda's Liquefaction      Hex/Erth       6%         N/A       43%         4
 Airstrike                Air            2%         2d(1-17)  83%         4
 Summon Lightning Spire   Summ/Air       4%         N/A       83%         4


Dungeon Overview and Level Annotations

Branches:
Dungeon (7/15)             Temple (1/1) D:5           Sewer (visited)

Altars:
Ashenzari
Cheibriados
Dithmenos
Elyvilon
Fedhas
Gozag
Hepliaklqana
Kikubaaqudgha
Makhleb
Nemelex Xobeh
Okawaru
Qazlal
Ru
Sif Muna
Trog
Vehumet
Wu Jian
Xom
Yredelemnul
Zin
The Shining One

Annotations:
D:3 2 transporters, Fractals's ghost, amateur GrMo
D:6 1 runed translucent door, Crazy Yiuf


Innate Abilities, Weirdness & Mutations

You are small and have problems with some larger weapons.
You are completely attuned to the shadows.


Message History

There is a stone staircase leading up here.
You catch the helpless wight completely off-guard!
You hit the wight.
The wight is lightly damaged.
The wight hits you with a +5 scimitar of freezing!
The wight freezes you. The wight misses you.
You take 12 damage, and have 31/43 hp.
MASSIVE DAMAGE!!
You barely miss the wight.
The wight is lightly damaged.
The wight hits you but does no damage.
You hit the wight.
The wight is lightly damaged.
The wight barely misses you.
You hit the wight.
The wight is heavily damaged.
The wight misses you.
The wight hits you with a +5 scimitar of freezing!
You feel drained. The wight freezes you.
* * * LOW HITPOINT WARNING * * *
You take 23 damage, and have 9/41 hp.
MASSIVE DAMAGE!!
You hit the wight.
The wight is severely damaged.
The wight hits you with a +5 scimitar of freezing.
* * * LOW HITPOINT WARNING * * *
You feel drained. The wight freezes you.
* * * LOW HITPOINT WARNING * * *
You take 3 damage, and have 6/40 hp.
Okay, then.
You closely miss the wight.
The wight is severely damaged.
The wight closely misses you. The wight misses you.
You hit the wight but do no damage.
The wight is severely damaged.
The wight misses you.
You completely miss the wight.
The wight is severely damaged.
The wight hits you with a +5 scimitar of freezing!
* * * LOW HITPOINT WARNING * * *
The wight freezes you.
You die...

#.# #.# #.#
#.#####.
#####........
#.......##..#
#.####...#..#
#.#..#......#####
#.#<@z[.........##
#)######[.........
#.##..z......#[...
#.##)#######.#####
#.##.# #.....#
#.##z#####...#.#
#.##........##.#
##.##.........#.#
#.............#.#


You could see a wight.

Vanquished Creatures
  Sigmund (D:3)
  A water moccasin (D:6)
  3 black bears
  2 ogres
  A centaur (D:6)
  2 phantoms
  2 scorpions (D:4)
  6 wights
  A howler monkey (D:6)
  4 jellies
  2 hounds
  An orc priest (D:6)
  Terence (D:2)
  A sleepcap (D:5)
  An iguana (D:5)
  An orc wizard (D:6)
  7 gnolls
  12 adders
  7 river rats (Sewer)
  A white imp (D:6)
  2 worms (D:4)
  A dart slug (D:2)
  22 orcs
  7 ball pythons
  2 endoplasms
  A giant cockroach (D:4)
  10 goblins
  5 hobgoblins
  9 jackals
  8 quokkas
  7 bats
  7 frilled lizards
  3 kobolds
  14 rats
155 creatures vanquished.

Vanquished Creatures (collateral kills)
  A wight (D:7)
1 creature vanquished.

Grand Total: 156 creatures vanquished

Notes
Turn   | Place    | Note
-------+----------+-------------------------------------------
     0 | D:1      | Ofeo the Kobold Earth Elementalist began the quest for the
                  | Orb.
     0 | D:1      | Reached XP level 1. HP: 10/10 MP: 3/3
   366 | D:1      | Reached XP level 2. HP: 15/15 MP: 3/5
   396 | D:1      | Found a faded altar of an unknown god.
   402 | D:1      | Reached skill level 3 in Stealth
  1143 | D:1      | Reached XP level 3. HP: 19/19 MP: 4/6
  1808 | D:2      | Reached XP level 4. HP: 24/24 MP: 4/8
  2340 | D:2      | Learned a level 2 spell: Passwall
  2554 | D:3      | Learned a level 3 spell: Stone Arrow
  2666 | D:3      | Noticed Terence
  2670 | D:3      | Noticed Sigmund
  2732 | D:2      | Killed Terence
  2733 | D:2      | Reached XP level 5. HP: 22/28 MP: 1/9
  2790 | D:2      | Identified 2 scrolls of acquirement
  2790 | D:2      | Acquired a +2 cloak of stealth
  2803 | D:2      | Acquired a +4 lajatang of venom
  2862 | D:3      | Killed Sigmund
  2863 | D:3      | Reached skill level 4 in Stealth
  2863 | D:3      | Reached XP level 6. HP: 32/32 MP: 8/10
  3047 | D:3      | Found a transporter.
  3049 | D:3      | Noticed Fractals's ghost (amateur GrMo)
  3054 | D:3      | Found a transporter.
  3223 | D:3      | Found a radiant altar of Vehumet.
  3746 | D:4      | Found a glowing drain.
  3754 | D:4      | Reached skill level 1 in Conjurations
  3759 | Sewer    | Entered a sewer
  3797 | Sewer    | Reached XP level 7. HP: 24/36 MP: 12/12
  4313 | D:4      | Reached skill level 5 in Stealth
  5099 | D:4      | Found a hazy altar of Hepliaklqana.
  5360 | D:4      | Found an iron altar of Okawaru.
  5510 | D:4      | Found a glowing silver altar of Zin.
  6340 | D:5      | Entered Level 5 of the Dungeon
  6346 | D:5      | Reached XP level 8. HP: 41/41 MP: 13/13
  6721 | D:5      | Found a staircase to the Ecumenical Temple.
  6727 | Temple   | Entered the Ecumenical Temple
  6738 | Temple   | Became a worshipper of Ashenzari the Shackled
  7038 | D:5      | Reached skill level 5 in Dodging
  7184 | D:5      | Reached skill level 6 in Stealth
  7661 | D:6      | Found an ornate altar of the Wu Jian Council.
  7670 | D:6      | Found a snail-covered altar of Cheibriados.
  7725 | D:6      | Reached skill level 5 in Earth Magic
  7790 | D:6      | Reached XP level 9. HP: 14/45 MP: 15/15
  8425 | D:6      | Reached skill level 7 in Stealth
  8525 | D:6      | Found a burning altar of Makhleb.
  8647 | D:6      | Found a runed translucent door.
  8650 | D:6      | Noticed Crazy Yiuf
  8877 | D:6      | Reached skill level 5 in Spellcasting
  9525 | D:7      | HP: 1/40 [wight/+5 scimitar of freezing (7)]
  9525 | D:7      | Slain by a wight

Illustrated notes

Levels and vault maps discovered:
D:1:      evilmike_arrival_crescent, layout_loops_ring,
          nicolae_ecumenical_snake_handling
D:2:      layout_rooms
D:3:      layout_rooms, nicolae_vehumet_radiance, gammafunk_ghost_mausoleum,
          nicolae_concentric_dashed_squares_wild, uniq_sigmund, uniq_terence
D:4:      layout_basic, kennysheep_okawaru_gauntlet, marbit_many_paths,
          nicolae_hepliaklqana_hippocampus, cheibrodos_sewer_entry_drain
D:5:      layout_basic, minmay_temple_entry_ruins
D:6:      layout_layer_cave, grunt_temple_overflow_open, hangedman_decor_points,
          hex_large, uniq_crazy_yiuf_cottage
D:7:      layout_basic, st_stairs_7
Temple:   nicolae_temple_two_arcs

Skill      XL: |  1  2  3  4  5  6  7  8  9 |
---------------+----------------------------+-----
Stealth        | 3 4 5 6 7 |  7.4
Dodging        | 3 4 5 6 |  6.2
Short Blades   | 2 |  2.2
Spellcasting   | 3 4 5 |  5.2
Transmutations | 2 3 4 |  4.6
Earth Magic    | 4 5 |  5.6
Conjurations   | 1 2 4 |  4.6

Action                     |  1- 3 |  4- 6 |  7- 9 || total
---------------------------+-------+-------+-------++-------
  Melee: Short sword       |    10 |       |       ||    10
         Lajatang          |       |    50 |   275 ||   325
   Cast: Sandblast         |    34 |    27 |       ||    61
 Invoke: Curse Item        |       |       |     1 ||     1
  Evoke: Wand              |       |       |     2 ||     2
    Use: Scroll            |     1 |     6 |     3 ||    10
         Potion            |       |     1 |       ||     1
   Stab: Sleeping          |       |     9 |    24 ||    33
         Distracted        |       |     2 |     3 ||     5
 Armour: Robe              |     7 |    13 |    91 ||   111
  Dodge: Dodged            |    14 |    69 |   315 ||   398

Table legend: (Time is in decaauts)
 A = Elapsed time spent in this place.
 B = Non-inter-level travel time spent in this place.
 C = Inter-level travel time spent in this place.
 D = Time resting spent in this place.
 E = Time spent auto-exploring this place.
 F = Levels seen in this place.
 G = Mean time per level.
                   A        B        C        D        E       F      G
               +--------+--------+--------+--------+--------+-----+--------+
         Total |   9720 |   9402 |    318 |    988 |   7012 |   9 | 1080.0 |
       Dungeon |   9093 |   8775 |    318 |    888 |   6719 |   7 | 1299.0 |
        Temple |     21 |     21 |      0 |      0 |      0 |   1 |   21.0 |
         Sewer |    604 |    604 |      0 |    100 |    293 |   1 |  604.0 |
               +--------+--------+--------+--------+--------+-----+--------+

Top non-repeatable levels by time:
     D:4: 2239 daAuts
     D:6: 1569 daAuts
     D:1: 1384 daAuts
     D:2: 1220 daAuts
     D:5: 1142 daAuts
     D:3: 1013 daAuts
   Sewer: 604 daAuts
     D:7: 522 daAuts
  Temple: 21 daAuts
